 Dungeon Crawl Stone Soup version 0.23.0-3-gf3c87f2df8 (webtiles) character file.

Game seed: 1930327247790035179

84 Revguard the Chopper (level 4, 0/33 HPs)
             Began as a Demonspawn Gladiator on Feb 23, 2019.
             Succumbed to a scorpion's poison
             ... on level 2 of the Dungeon.
             The game lasted 00:05:16 (2220 turns).

Revguard the Chopper (Demonspawn Gladiator)         Turns: 2220, Time: 00:05:17

Health: 0/33       AC:  6    Str: 14    XL:     4   Next: 23%
Magic:  4/4        EV: 14    Int:  9    God:
Gold:   145        SH:  0    Dex: 16    Spells: 3/3 levels left

rFire    . . .     SeeInvis .   a - +0 war axe
rCold    . . .     Gourm    .   (no shield)
rNeg     . . .     Faith    .   o - +0 ring mail
rPois    .         Spirit   .   c - +0 helmet
rElec    .         Reflect  .   b - scarf {repulsion}
rCorr    .         Harm     .   (no gloves)
MR       .....                  (no boots)
Stlth    +.........             (no amulet)
HPRegen  0.11/turn              (no ring)
MPRegen  0.09/turn              (no ring)

@: lethally poisoned (0 -> -27), repel missiles
A: repulsion field 1
a: no special abilities


You were on level 2 of the Dungeon.
You were not hungry.

You visited 1 branch of the dungeon, and saw 2 of its levels.

You collected 145 gold pieces.

Inventory:

Hand Weapons
 a - a +0 war axe (weapon)
Missiles
 d - a throwing net (quivered)
Armour
 b - a scarf of repulsion (worn)
 c - a +0 helmet (worn)
 o - a +0 ring mail (worn)
Scrolls
 i - a scroll of amnesia {unknown}
 k - 2 scrolls of identify {unknown}
 m - a scroll of enchant weapon {unknown}
 p - a scroll of random uselessness {unknown}
Potions
 h - a potion of agility
 l - a potion of flight {unknown}
 n - a potion of heal wounds {unknown}
Comestibles
 f - 4 rations


   Skills:
 + Level 2.2 Fighting
 + Level 3.8 Axes
 - Level 1.7 Throwing
 + Level 1.2 Armour
 + Level 3.2 Dodging


You had 3 spell levels left.
You didn't know any spells.
Your spell library contained the following spells:

 Spells                   Type           Power        Failure   Level  Hunger
 Animate Skeleton         Necr           N/A          63%         1    ##.....
 Apportation              Tloc           #.....       63%         1    ##.....
 Confusing Touch          Hex            #.....       63%         1    ##.....
 Summon Small Mammal      Summ           #...         63%         1    ##.....


Dungeon Overview and Level Annotations

Branches:
Dungeon (2/15)

Altars:
Dithmenos
Okawaru


Innate Abilities, Weirdness & Mutations

You are surrounded by a mild repulsion field. (EV +2)


Message History

The scorpion closely misses you. The hound bites you.
You barely miss the scorpion.
The scorpion is lightly wounded.
You hit the hound.
You kill the hound!
Your Armour skill increases to level 1!
You have reached level 4!
You feel agile.
You feel sick. The scorpion stings you.
You are lethally poisoned!
The scorpion poisons you! The scorpion barely misses you.
Okay, then.
* * * LOW HITPOINT WARNING * * *
You feel sick. The scorpion stings you.
* * * LOW HITPOINT WARNING * * *
You are more poisoned.
The scorpion poisons you!
* * * LOW HITPOINT WARNING * * *
You feel sick.
You die...

##.## ##......#..# #.# #.#
##.###.#######..#######.# #.#
##...##
##...........#.######.# ##.##
#..#########........#.# #.#
#.##.......##..####.#.# #.#
#.#8..#.#..8#..###.#...
#.#####.#..#...#..#.....##.##
#.......#:......†.#..###.#.#
#.###..©#_..@.s©†.#©.......#
#.# ##..#.[.......#........#
#.# ##.#.(#...#..#..####..##
#.# #.#8..#.#..8#..)###..[.
#.# #.##...©...##.......###
#.# #..#########....##### #
#.# ##...........#.########
#.# ###.......<...........
#.# #####.#####..#######


You could see a scorpion.

Vanquished Creatures
  A hound (D:2)
  An adder (D:2)
  A dart slug (D:1)
  2 worms (D:2)
  2 leopard geckos
  A bat skeleton (D:2)
  5 giant cockroaches
  5 goblins
  A hobgoblin (D:1)
  2 jackals (D:1)
  5 kobolds
  4 bats
  2 frilled lizards (D:1)
  2 rats
34 creatures vanquished.

Notes
Turn   | Place    | Note
-------+----------+-------------------------------------------
     0 | D:1      | Revguard the Demonspawn Gladiator began the quest for the
                  | Orb.
     0 | D:1      | Reached XP level 1. HP: 16/16 MP: 1/1
   283 | D:1      | Gained mutation: You are surrounded by a mild repulsion
                  | field. (EV +2) [demonic ancestry]
   283 | D:1      | Reached XP level 2. HP: 14/22 MP: 2/2
  1075 | D:2      | Found a transporter.
  1077 | D:2      | Found a transporter.
  1077 | D:2      | Found a shadowy altar of Dithmenos.
  1078 | D:2      | Noticed a scorpion
  1133 | D:2      | Reached XP level 3. HP: 14/27 MP: 3/3
  1525 | D:2      | Found an iron altar of Okawaru.
  2217 | D:2      | Reached skill level 1 in Armour
  2217 | D:2      | Reached XP level 4. HP: 13/33 MP: 4/4
  2220 | D:2      | Succumbed to a scorpion's poison

Skill      XL: |  1  2  3 |
---------------+----------+-----
Axes           | 3 |  3.8
Dodging        | 3 |  3.2
Armour         | 1 |  1.2
Fighting       | |  2.2
Throwing       | |  1.7

Action                   |  1- 3 |  4- 6 || total
-------------------------+-------+-------++-------
Melee: War axe           |    85 |       ||    85
Throw: Throwing net      |     5 |       ||     5
  Use: Potion            |     4 |       ||     4
       Scroll            |     1 |       ||     1
 Stab: Sleeping          |     1 |       ||     1
  Eat: Chunk             |     2 |       ||     2
       Ration            |     1 |       ||     1
Armor: Leather armour    |    25 |       ||    25
       Ring mail         |    32 |       ||    32
Dodge: Dodged            |   164 |     1 ||   165
